[Event "WA State Championship"]
[Site "Legacy House, South Perth"]
[Date "2006.07.23"]
[Round "4"]
[White "Tomic, N"]
[Black "Boyd, T"]
[Result "0-1"]
[WhiteElo "1665"]
[BlackElo "2247"]
[ECO "B50"]
[EventDate "2006.07.02"]
[TimeControl "5400+60"]

1.e4 c5 2.Nf3 d6 3.Bc4 Nc6 4.a3 g6 5.c3 Nf6 6.Qb3 e6 7.Qc2 Bg7 8.b4 d5 9.
exd5 exd5 10.Be2 cxb4 11.axb4 O-O 12.O-O Re8 13.d4 Bf5 14.Bd3 Ne4 15.Be3 
h6 16.Nbd2 Rc8 17.Qb2 Ng3 18.Bxf5 Nxf5 19.Rfe1 b6 20.Nf1 Qd7 21.Qd2 Kh7 
22.h3 Nd6 23.Bf4 Ne4 24.Qd3 a5 25.Reb1 Qf5 26.Be3 axb4 27.cxb4 Bf8 28.Bd2 
Ng3 29.Qxf5 Nxf5 30.Ne3 Ncxd4 31.Nxd4 Nxd4 32.Nxd5 Red8 33.Nf6+ Kg7 34.Ne4
Rd7 35.Bc3 Re8 36.f3 f5 37.Ng3 Kf7 38.Rd1 Bg7 39.Kf1 Red8 40.Bxd4 Bxd4 41.
Ra6 Be5 42.Rxd7+ Rxd7 43.Ne2 Rb7 44.Nc1 Rc7 45.Ne2 Rc6 46.f4 Bf6 47.Ke1 
Re6 48.Kd2 Be7 49.Ra7 Kf6 50.b5 Bc5 51.Rc7 Re7 52.Rc6+ Kf7 53.Kd3 Re3+ 54.
Kd2 Rb3 55.Nc3 Rb2+ 56.Kd3 Rxg2 57.Nd5 Rb2 58.Kc4 Rc2+ 59.Kb3 Rh2 60.Rxc5 
bxc5 61.b6 Re2 62.Kc4 Rb2 63.Kxc5 Ke6 64.Nc3 Kd7 65.Nb5 Kc8 66.Nd6+ Kb8 
67.Nf7 Rh2 68.Kc6 Rxh3 69.Ne5 Rc3+ 70.Kd5 g5 71.fxg5 hxg5 72.Kd4 Rc1 73.
Ng6 Kb7 74.Ne7 f4 75.Ng6 Re1 76.Nf8 f3 0-1

[Event "WA State Championship"]
[Site "Legacy House, South Perth"]
[Date "2006.07.23"]
[Round "4"]
[White "Dunlop, G"]
[Black "Leonhardt, W"]
[Result "0-1"]
[WhiteElo "1802"]
[BlackElo "1934"]
[ECO "B90"]
[EventDate "2006.07.02"]
[TimeControl "5400+60"]

1.e4 c5 2.Nf3 d6 3.d4 cxd4 4.Nxd4 Nf6 5.Nc3 a6 6.Bc4 b5 7.Bd5 Nxd5 8.exd5 
Bb7 9.O-O b4 10.Na4 Bxd5 11.Be3 Nd7 12.Re1 Qc7 13.b3 Qb7 14.f3 g6 15.c4 
bxc3 16.Nxc3 Bg7 17.Rc1 Nf6 18.Bg5 O-O 19.Qd2 Rfe8 20.Bh6 Bh8 21.Nf5 Be6 
22.Nd4 Bd7 23.Ne4 Rac8 24.Rxc8 Bxc8 25.Bg5 Nxe4 26.Rxe4 e5 27.Ne2 d5 28.
Rb4 Qa7+ 29.Be3 d4 30.Bf2 Bg7 31.Ng3 f5 32.Qc1 Be6 33.Qc6 Qd7 34.Rb6 Qxc6 
35.Rxc6 Bc8 36.Kf1 Bf8 37.Ke2 Bd7 38.Rc7 Bb5+ 39.Kd1 Bd6 40.Rc1 Kf7 41.Ne2
f4 42.g3 g5 43.gxf4 gxf4 44.Ke1 Ke7 45.Kd1 Kd7 46.Ke1 Bb4+ 47.Kd1 Ba3 0-1

[Event "WA State Championship"]
[Site "Legacy House, South Perth"]
[Date "2006.07.23"]
[Round "4"]
[White "Saxon, M"]
[Black "Fedec, J"]
[Result "0-1"]
[WhiteElo "1702"]
[BlackElo "1825"]
[ECO "B78"]
[EventDate "2006.07.02"]
[TimeControl "5400+60"]

1.e4 c5 2.Nf3 d6 3.d4 cxd4 4.Nxd4 Nf6 5.Nc3 g6 6.Be3 Bg7 7.f3 O-O 8.Qd2 
Nc6 9.Bc4 Bd7 10.h4 Rc8 11.Bb3 Ne5 12.O-O-O Nc4 13.Bxc4 Rxc4 14.h5 Nxh5 
15.g4 Nf6 16.Nde2 Re8 17.e5 Nxg4 18.fxg4 Bxe5 19.Bd4 Rxd4 20.Nxd4 Bxg4 21.
Rdg1 h5 22.Nd5 e6 23.Ne3 Qb6 24.c3 Rc8 25.Kb1 Bf4 26.Qf2 Bxe3 27.Qxe3 Qc5 
28.Qh6 Qe5 29.Re1 Qg3 30.Qe3 Qxe3 31.Rxe3 Rc5 32.Kc1 Kg7 33.Ne2 Kf6 34.Ng3
Ke7 35.Rd3 f5 36.Kd2 e5 37.b4 Rc4 38.Nf1 f4 39.Rg1 Ke6 40.a4 d5 41.a5 Re4 
42.Rg2 Rc4 43.Rf2 Bf5 44.Rdf3 g5 45.Ng3 h4 46.Nxf5 Kxf5 47.Rd3 d4 48.cxd4 
e4 49.Rb3 Rxd4+ 50.Ke2 g4 51.b5 g3 52.Rf1 Kg4 53.b6 a6 54.Rg1 f3+ 55.Ke3 
Rd3+ 56.Rxd3 exd3 0-1

[Event "WA State Championship"]
[Site "Legacy House, South Perth"]
[Date "2006.07.23"]
[Round "4"]
[White "Jahangirian, M"]
[Black "Dix, P"]
[Result "0-1"]
[WhiteElo "1679"]
[BlackElo "1803"]
[ECO "B02"]
[EventDate "2006.07.02"]
[TimeControl "5400+60"]

1.e4 Nf6 2.Nc3 d5 3.exd5 Nxd5 4.Nge2 Bg4 5.f3 Bf5 6.d3 e6 7.Bd2 c5 8.Ne4 
Nc6 9.N2g3 Bg6 10.c3 f5 11.Ng5 Qf6 12.Qe2 O-O-O 13.O-O-O e5 14.Qf2 Nf4 15.
Nh3 Nxd3+ 16.Bxd3 Rxd3 17.Bg5 Rxd1+ 18.Rxd1 Qe6 19.Qd2 h6 20.Bh4 Be7 21.
Bxe7 Qxe7 22.Qd6 Qxd6 23.Rxd6 Bh7 24.Nh5 Kc7 25.Rd2 Rg8 26.g4 Bg6 27.Ng3 
f4 28.Ne2 Bf7 29.a3 g5 30.Nf2 Na5 31.Rd1 Bb3 32.Rd2 Bc4 33.Kb1 Nb3 34.Rc2 
Rd8 35.Nc1 Nd2+ 36.Ka1 Nxf3 37.b3 Ne1 38.Rb2 Nd3 39.Ncxd3 Bxd3 40.c4 e4 
41.b4 e3 42.Nxd3 Rxd3 43.Kb1 Rd1+ 0-1

[Event "WA State Championship"]
[Site "Legacy House, South Perth"]
[Date "2006.07.23"]
[Round "4"]
[White "Johnstone, R"]
[Black "Haselgrove, M"]
[Result "0-1"]
[WhiteElo "1666"]
[BlackElo "1751"]
[ECO "B20"]
[EventDate "2006.07.02"]
[TimeControl "5400+60"]

1.e4 c5 2.Bc4 e6 3.Nc3 a6 4.a4 Nc6 5.Nf3 Nf6 6.Qe2 Nd4 7.Qd3 d5 8.exd5 
exd5 9.Ba2 Qe7+ 10.Kd1 Bf5 11.Qxf5 Nxf5 12.Re1 Ne4 13.Nxd5 Nxf2# 0-1

[Event "WA State Championship"]
[Site "Legacy House, South Perth"]
[Date "2006.07.23"]
[Round "4"]
[White "Holland, D"]
[Black "Hessing, R"]
[Result "1/2-1/2"]
[WhiteElo "1739"]
[BlackElo "1607"]
[ECO "A81"]
[EventDate "2006.07.02"]
[TimeControl "5400+60"]

1.d4 f5 2.g3 Nf6 3.Bg2 e6 4.Nh3 Be7 5.O-O O-O 6.c3 Qe8 7.Qb3 d5 8.Bf4 Bd6 
9.Bxd6 cxd6 10.Nd2 Nc6 11.Nf4 Qf7 12.e3 g5 13.Nd3 b6 14.c4 Na5 15.Qc2 Bb7 
16.b4 Nxc4 17.Nxc4 dxc4 18.Qxc4 Rac8 19.Qb3 Bxg2 20.Kxg2 Qb7+ 21.Kg1 Qd5 
22.Qxd5 Nxd5 23.Rfc1 Kf7 1/2-1/2

[Event "WA State Championship"]
[Site "Legacy House, South Perth"]
[Date "2006.07.23"]
[Round "4"]
[White "Humphries, R"]
[Black "Choong, Y"]
[Result "1/2-1/2"]
[WhiteElo "1429"]
[BlackElo "1729"]
[ECO "B39"]
[EventDate "2006.07.02"]
[TimeControl "5400+60"]

1.e4 c5 2.Nf3 Nc6 3.d4 cxd4 4.Nxd4 g6 5.c4 Bg7 6.Be3 Nf6 7.Nc3 Ng4 8.Qxg4 
Nxd4 9.Qd1 Ne6 10.Rc1 Qa5 11.Qd2 d6 12.Be2 Bd7 13.O-O Bc6 14.f3 Rc8 15.Rc2
g5 16.Rb1 b6 17.b4 Qe5 18.Rd1 h5 19.a4 Nf4 20.Bf1 Rg8 21.b5 Bd7 22.a5 Bh6 
23.axb6 axb6 24.Qd4 g4 25.Qxe5 dxe5 26.fxg4 Bxg4 27.Re1 Rg6 28.Na4 Bd1 29.
Ra2 Ra8 30.Bxf4 Bb3 31.Ra3 Bxf4 32.Rxb3 Rxa4 33.Rh3 Rh6 34.Rb1 h4 35.Kh1 
1/2-1/2

[Event "WA State Championship"]
[Site "Legacy House, South Perth"]
[Date "2006.07.23"]
[Round "4"]
[White "Shaw, R"]
[Black "Jones, N"]
[Result "1-0"]
[WhiteElo "1711"]
[BlackElo "1362"]
[ECO "C44"]
[EventDate "2006.07.02"]
[TimeControl "5400+60"]

1.e4 e5 2.Nf3 Nc6 3.d4 exd4 4.c3 dxc3 5.Nxc3 g6 6.Bc4 Qe7 7.O-O Bg7 8.Nd5 
Qd8 9.Bg5 Nge7 10.Nf6+ Kf8 11.b4 h6 12.Bh4 g5 13.Nxg5 hxg5 14.Bxg5 d6 15.
f4 Be6 16.Bxe6 fxe6 17.b5 Nb8 18.f5 e5 19.Nd5 Ke8 20.Bxe7 Qc8 21.Qg4 Bf8 
22.Qg6+ Kd7 23.Qe6+ 1-0

[Event "WA State Championship"]
[Site "Legacy House, South Perth"]
[Date "2006.07.23"]
[Round "4"]
[White "Garcia, M"]
[Black "Deheer, A"]
[Result "1/2-1/2"]
[WhiteElo "1480"]
[BlackElo "1530"]
[ECO "C86"]
[EventDate "2006.07.02"]
[TimeControl "5400+60"]

1.e4 e5 2.Nf3 Nc6 3.Bb5 a6 4.Ba4 Nf6 5.O-O b5 6.Bb3 Be7 7.Qe2 d6 8.c3 Na5 
9.Bc2 Be6 10.Rd1 c5 11.d4 Bc4 12.Bd3 Bxd3 13.Rxd3 exd4 14.cxd4 c4 15.Rd1 
Qc7 16.d5 O-O 17.Nd4 Nd7 18.Bf4 Bf6 19.Na3 Be5 20.Qg4 Bxf4 21.Qxf4 Ne5 22.
Nf5 Rad8 23.Rac1 Qd7 24.Qg3 f6 25.Rc2 g6 26.Re2 Kh8 27.Nd4 Rf7 28.Nac2 Nd3
29.Ne1 Nxe1 30.Rdxe1 Re8 31.Qa3 Qc7 32.Re3 Qb6 33.Ne6 Nc6 34.Qxd6 Rfe7 35.
Qf4 Rxe6 36.dxe6 Rxe6 37.Qh6 Qd8 38.Rh3 Qg8 39.Qd2 Ne5 40.b3 Qf8 41.Rd1 
Nd3 42.bxc4 bxc4 43.Re3 Qe7 44.f3 Qc5 45.Kh1 Rd6 46.Rf1 Qd4 47.Re2 Qc5 48.
Qc3 Nf4 49.Rc2 Nd3 50.h3 Rd4 51.Rb1 a5 52.Rb8+ Kg7 53.Rb7+ Kg8 54.Rc7 Nf2+
55.Rxf2 Rd1+ 56.Kh2 Qxc7+ 57.g3 Qc5 58.Kg2 Kg7 59.Qb2 Qb4 60.Qe2 Qb1 61.f4
Qd3 62.Qxd3 Rxd3 63.Rc2 Rd4 64.Kf3 Rd3+ 65.Kf2 Ra3 66.Rxc4 Rxa2+ 67.Kf3 a4
68.Rc7+ Kh6 69.Ra7 Ra1 70.Kg4 a3 71.Kh4 a2 72.Kg4 Re1 73.Rxa2 Rxe4 74.Ra6 
f5+ 75.Kh4 Rb4 76.Rc6 Kg7 77.Kg5 Rb3 78.Rc7+ Kf8 79.Kf6 Ke8 80.Rxh7 Rxg3 
81.Rh6 Rf3 82.Ke6 Kf8 83.Kf6 Ke8 84.Ke6 Kf8 85.Kf6 Ke8 86.Ke6 Kf8 87.Rxg6 
Rxf4 88.Rf6+ Kg7 89.Rxf5 1/2-1/2

[Event "WA State Championship"]
[Site "Legacy House, South Perth"]
[Date "2006.07.23"]
[Round "4"]
[White "Klimczak, J"]
[Black "Bailye, R"]
[Result "1-0"]
[WhiteElo "1379"]
[BlackElo "1143"]
[ECO "C57"]
[EventDate "2006.07.02"]
[TimeControl "5400+60"]

1.e4 e5 2.Nf3 Nc6 3.Bc4 Nf6 4.Ng5 d5 5.exd5 Nxd5 6.Qf3 Qxg5 7.Bxd5 Qf5 8.
Bxc6+ Kd8 9.Qxf5 Bxf5 10.Ba4 Bd6 11.O-O c6 12.d3 b5 13.Bb3 f6 14.Nc3 a5 
15.a3 Ke7 16.Be3 g5 17.f3 h5 18.Rac1 Bd7 19.d4 a4 20.Ba2 Raf8 21.Ne4 exd4 
22.Bxd4 Bf4 23.Rcd1 Kd8 24.Bxf6+ Rxf6 25.Nxf6 Be5 26.Nxd7 Bxb2 27.Rd3 Kc7 
28.Nc5 Kb6 29.Ne4 g4 30.fxg4 hxg4 31.Nf6 Rc8 32.Nxg4 c5 33.c4 Bd4+ 34.Kh1 
Re8 35.cxb5 Re2 36.Bg8 Kxb5 37.h3 Re8 38.Rb1+ Kc6 39.Bc4 Re2 40.Bb5+ Kd5 
41.Bxa4 Ke4 42.Bb5 Rc2 43.Rbd1 Rb2 44.a4 Rb4 45.Bc6+ Kf5 46.Rf3+ Kg5 47.
Ne3 Rb6 48.Bb5 Re6 49.Nc2 Bf6 50.Rd5+ Kg6 51.Rxc5 Be7 52.Rc6 Rf6 53.Rcxf6+
Bxf6 54.Rxf6+ Kxf6 55.a5 1-0

[Event "WA State Championship"]
[Site "Legacy House, South Perth"]
[Date "2006.07.23"]
[Round "4"]
[White "O'Shaughnessy, D"]
[Black "Sam, R"]
[Result "1-0"]
[WhiteElo "1371"]
[BlackElo "1091"]
[ECO "D02"]
[EventDate "2006.07.02"]
[TimeControl "5400+60"]

1.d4 d5 2.Nf3 Nc6 3.Bf4 Bf5 4.e3 Nf6 5.Bd3 Bxd3 6.Qxd3 e6 7.O-O Bd6 8.Bxd6
Qxd6 9.Nbd2 O-O-O 10.c4 h5 11.cxd5 exd5 12.Rfc1 Kb8 13.a3 Rde8 14.b4 Ne4 
15.Nb3 h4 16.Nc5 Nxc5 17.bxc5 Qf6 18.Rab1 Ka8 19.Qb5 Rb8 20.Ne5 Rhd8 21.
Nxc6 Qxc6 22.Qxc6 bxc6 23.Kf1 Rb5 24.Rxb5 cxb5 25.Rb1 c6 26.Ke2 Kb7 27.Kd3
a5 28.f3 Kc7 29.Re1 Kd7 30.e4 dxe4+ 31.fxe4 Re8 32.Re3 Re6 33.Rf3 Re7 34.
Rf4 h3 35.g3 Ke6 36.Rh4 a4 37.Kc3 Kf6 38.e5+ Ke6 39.Rxh3 Kd5 40.Rh4 f6 41.
exf6 gxf6 42.Rh5+ Ke4 43.Rh4+ Ke3 44.Rf4 Rf7 45.h4 f5 46.h5 Rg7 47.Rxf5 
Rxg3 48.Re5+ Kf4+ 49.Kb2 b4 50.axb4 Rb3+ 51.Ka2 Rxb4 52.h6 Rxd4 53.Rh5 Rd8
54.h7 Rh8 55.Ka3 Kg4 56.Rh1 Kf5 57.Kxa4 Ke6 58.Ka5 Kd7 59.Kb6 Rb8+ 60.Ka7 
Rh8 61.Kb7 Kd8 62.Kxc6 Kc8 63.Rg1 Kb8 64.Rg8+ Rxg8 65.hxg8=Q+ Ka7 66.Qa2+ 
Kb8 67.Qb3+ Kc8 68.Qg8# 1-0

[Event "WA State Championship"]
[Site "Legacy House, South Perth"]
[Date "2006.07.23"]
[Round "4"]
[White "Whitehead, P"]
[Black "Williams, Verity"]
[Result "1-0"]
[WhiteElo "1582"]
[BlackElo "634"]
[ECO "D51"]
[EventDate "2006.07.02"]
[TimeControl "5400+60"]

1.d4 d5 2.c4 e6 3.Nc3 Nf6 4.Bg5 Bb4 5.e3 Nbd7 6.Bxf6 Nxf6 7.Qa4+ Bd7 8.
Qxb4 b6 9.Nf3 a5 10.Qb3 c6 11.Ne5 O-O 12.cxd5 cxd5 13.Bd3 a4 14.Qc2 Qc7 
15.Nxd7 Nxd7 16.Bxh7+ Kh8 17.Bd3 a3 18.Qe2 g6 19.Nb5 axb2 20.Qxb2 Qc6 21.
O-O Kg7 22.Rac1 Qb7 23.Rc7 Qb8 24.Rxd7 Rh8 25.g3 Qe8 26.Rb7 Qd8 27.Rc1 Rb8
28.Rxb8 Qxb8 29.Rc7 Rc8 30.Qc2 Rxc7 31.Qxc7 Qxc7 32.Nxc7 1-0

[Event "WA State Championship"]
[Site "Legacy House, South Perth"]
[Date "2006.07.23"]
[Round "4"]
[White "Slack-Smith, B"]
[Black "Vahala, K"]
[Result "1-0"]
[WhiteElo "1309"]
[BlackElo "891"]
[ECO "C33"]
[EventDate "2006.07.02"]
[TimeControl "5400+60"]

1.e4 e5 2.f4 exf4 3.Bc4 g5 4.d4 d6 5.Nc3 Nf6 6.Nf3 h6 7.e5 dxe5 8.Nxe5 Be6
9.d5 Bf5 10.Qe2 Qe7 11.O-O Qc5+ 12.Be3 Qe7 13.Bd4 Rh7 14.Rae1 Nbd7 15.Qf2 
O-O-O 16.Nxd7 Ng4 17.Rxe7 Nxf2 18.Re5 Bxd7 19.Rxf2 Bd6 20.Re1 f5 21.Nb5 h5
22.Nxd6+ cxd6 23.Bf6 Rg8 24.Bd3 Rf7 25.Bd4 h4 26.Rfe2 g4 27.Re7 Rff8 28.
Bg7 Rd8 29.Rf7 Be8 30.Bxf5+ Kb8 31.Rf8 Rxf8 32.Bxf8 Bh5 33.Be7 Rg8 34.
Bxd6+ Ka8 35.Bxf4 Rf8 36.Re5 g3 37.hxg3 hxg3 38.d6 Be8 39.d7 Bxd7 40.Bxd7 
Rd8 41.Re8 1-0

[Event "WA State Championship"]
[Site "Legacy House, South Perth"]
[Date "2006.07.23"]
[Round "4"]
[White "Gilmetdinov, E"]
[Black "Williams, W"]
[Result "0-1"]
[WhiteElo "1300"]
[BlackElo "640"]
[ECO "C57"]
[EventDate "2006.07.02"]
[TimeControl "5400+60"]

1.e4 e5 2.Nf3 Nf6 3.Bc4 Nc6 4.Ng5 d5 5.exd5 Nxd5 6.Qh5 g6 7.Qf3 Qxg5 8.
Bxd5 Nd4 9.Qxf7+ Kd8 10.Kd1 c6 11.d3 Qg4+ 12.f3 Qxg2 13.Qf6+ Kc7 14.Qxe5+ 
Bd6 15.Qxd4 Qxh1+ 16.Ke2 Qxh2+ 17.Ke3 Qg1+ 18.Ke4 Bf5# 0-1

[Event "WA State Championship"]
[Site "Legacy House, South Perth"]
[Date "2006.07.23"]
[Round "4"]
[White "Markou, V"]
[Black "Williams, Veronica"]
[Result "1-0"]
[WhiteElo "1426"]
[BlackElo "124"]
[ECO "B01"]
[EventDate "2006.07.02"]
[TimeControl "5400+60"]

1.e4 d5 2.exd5 Qxd5 3.Nc3 Qe6+ 4.Be2 Nc6 5.Nf3 Qd6 6.O-O Nd4 7.Nxd4 Qxd4 
8.Nb5 Qh4 9.Nxc7+ Kd7 10.Nxa8 e6 11.d4 Bd6 12.g3 Qh3 13.Bf3 f5 14.Bg2 Qg4 
15.Qxg4 fxg4 16.Bg5 h6 17.Bd2 Nf6 18.Rae1 Kd8 19.c4 b6 20.b4 Ba6 21.b5 Bc8
22.d5 e5 23.Bc3 Re8 24.Re3 Bb7 25.Nxb6 axb6 26.Rfe1 Bc5 27.Rxe5 Rxe5 28.
Rxe5 Kd7 29.Re6 Ne8 30.Bd2 Nc7 31.Rg6 Bd4 32.Rxg4 Bb2 33.Be3 Na8 34.Rf4 
Bf6 35.Bd4 Bxd4 36.Rxd4 Kd6 37.Rg4 Kc5 38.Bf1 g5 39.Re4 Nc7 40.Re7 Kd6 41.
Rh7 Bc8 42.Rxh6+ Kd7 43.Bh3+ Kd8 44.Rh8+ Ne8 45.Bxc8 Kxc8 46.Rxe8+ Kd7 47.
Rg8 Kc7 48.Rg6 g4 49.Kf1 Kb7 50.Rg7+ Kc8 51.Ke2 Kd8 52.d6 Kc8 53.Kd3 Kd8 
54.Ke4 Ke8 55.Kd5 Kd8 56.Kc6 Kc8 57.Rg8# 1-0

[Event "WA State Championship"]
[Site "Legacy House, South Perth"]
[Date "2006.07.30"]
[Round "5"]
[White "Boyd, T"]
[Black "Haasse, A"]
[Result "1-0"]
[WhiteElo "2247"]
[BlackElo "2057"]
[ECO "E81"]
[EventDate "2006.07.02"]
[TimeControl "5400+60"]

1.d4 Nf6 2.c4 g6 3.Nc3 Bg7 4.e4 d6 5.f3 O-O 6.Bg5 c5 7.d5 h5 8.Qd2 a6 9.a4
Nbd7 10.Nh3 Ne5 11.Nf2 Nh7 12.Be3 e6 13.Be2 exd5 14.cxd5 Qa5 15.O-O Nf6 
16.Kh1 Qc7 17.Rae1 Rb8 18.f4 Ned7 19.Bc4 Re8 20.e5 dxe5 21.Nfe4 Ng4 22.d6 
Qd8 23.Bxf7+ Kxf7 24.Qd5+ Kf8 25.Ng5 Qxg5 26.fxg5+ Bf6 27.gxf6 Ndxf6 28.
Rxf6+ 1-0

[Event "WA State Championship"]
[Site "Legacy House, South Perth"]
[Date "2006.07.31"]
[Round "5"]
[White "Barber, H"]
[Black "Hare, T"]
[Result "1-0"]
[WhiteElo "2142"]
[BlackElo "2067"]
[ECO "B26"]
[EventDate "2006.07.02"]
[TimeControl "5400+60"]

1.e4 c5 2.Nc3 Nc6 3.g3 g6 4.Bg2 Bg7 5.d3 Rb8 6.Be3 d6 7.Qd2 b5 8.Nge2 b4 
9.Nd1 e5 10.O-O Nge7 11.Bh6 O-O 12.Bxg7 Kxg7 13.Ne3 Be6 14.f4 f6 15.f5 Bd7
16.g4 g5 17.Ng3 Be8 18.c3 a5 19.Nd5 a4 20.Rfc1 h6 21.Nf1 Nxd5 22.exd5 Ne7 
23.Ne3 Bf7 24.a3 bxc3 25.bxc3 Rb3 26.Bf3 Qb8 27.c4 Qa7 28.Bd1 Rb6 29.Bc2 
Rfb8 30.Nd1 h5 31.h3 hxg4 32.hxg4 Rh8 33.Rab1 Rh4 34.Nf2 Rxb1 35.Rxb1 Nxd5
36.cxd5 Bxd5 37.Qe3 Qa5 38.Bd1 Qc3 39.Bf3 Bb3 40.Re1 Qb2 41.Qc1 Qa2 42.Re2
1-0

[Event "WA State Championship"]
[Site "Legacy House, South Perth"]
[Date "2006.07.30"]
[Round "5"]
[White "Dix, P"]
[Black "Kueh, M"]
[Result "1/2-1/2"]
[WhiteElo "1803"]
[BlackElo "1868"]
[ECO "A46"]
[EventDate "2006.07.02"]
[TimeControl "5400+60"]

1.d4 Nf6 2.Nf3 d6 3.Bf4 Bg4 4.e3 Nbd7 5.Be2 g6 6.c4 c6 7.Nc3 Bg7 8.h3 Bxf3
9.Bxf3 e5 10.Bg5 Qc7 11.O-O O-O 12.d5 c5 13.e4 a6 14.Rb1 Kh8 15.a3 Ng8 16.
Qd3 f6 17.Bd2 Bh6 18.Bxh6 Nxh6 19.Be2 Kg7 20.b4 b6 21.b5 a5 22.Qg3 Qd8 23.
Bg4 Nxg4 24.hxg4 Qe7 25.Nd1 Rh8 26.Ne3 Rag8 27.f3 Kf7 28.Kf2 Ke8 29.Rh1 h6
30.Rh3 Rh7 31.Rbh1 1/2-1/2

[Event "WA State Championship"]
[Site "Legacy House, South Perth"]
[Date "2006.07.31"]
[Round "5"]
[White "Leonhardt, W"]
[Black "Tomic, N"]
[Result "1/2-1/2"]
[WhiteElo "1934"]
[BlackElo "1665"]
[ECO "A82"]
[EventDate "2006.07.02"]
[TimeControl "5400+60"]

1.d4 f5 2.Nc3 e6 3.e4 fxe4 4.Nxe4 Nf6 5.Bd3 Nxe4 6.Bxe4 Qf6 7.Nf3 d6 8.Qd3
g6 9.Bg5 Qf7 10.Qe2 Nd7 11.O-O-O Nf6 12.Bd3 Be7 13.Bd2 Nh5 14.Ng5 Bxg5 15.
Bxg5 Nf4 16.Qe3 O-O 17.Bh6 Nxd3+ 18.Rxd3 Re8 19.f4 Qf5 20.c4 Bd7 21.h3 Bc6
22.Rg1 Qe4 23.Qd2 b5 24.Re3 Qf5 25.g4 Qf7 26.b3 a5 27.Rge1 a4 28.d5 exd5 
29.Rxe8+ Rxe8 30.Rxe8+ Bxe8 31.cxd5 axb3 32.axb3 Qf6 33.Kb1 Bf7 34.Ka2 Be8
35.Ka3 c5 36.dxc6 Bxc6 37.g5 Qe7 38.Qd4 d5+ 39.b4 Qd7 40.Kb2 Qe7 41.Kb3 
Bd7 42.h4 Bg4 43.Qe5 Qxe5 44.fxe5 Kf7 45.Kc3 Bd7 46.Kd4 Ke6 47.Bg7 Be8 
1/2-1/2

[Event "WA State Championship"]
[Site "Legacy House, South Perth"]
[Date "2006.07.31"]
[Round "5"]
[White "Haselgrove, M"]
[Black "Dunlop, G"]
[Result "1-0"]
[WhiteElo "1751"]
[BlackElo "1802"]
[ECO "B06"]
[EventDate "2006.07.02"]
[TimeControl "5400+60"]

1.e4 g6 2.d4 Bg7 3.f4 d6 4.Nf3 Nd7 5.Bc4 c5 6.c3 cxd4 7.cxd4 Nb6 8.Bb3 Bd7
9.Nc3 Nh6 10.h3 O-O 11.g4 Kh8 12.g5 Ng8 13.Qe2 a5 14.a4 Rc8 15.Be3 Rc7 16.
Nd2 e5 17.dxe5 Rc6 18.exd6 h5 19.e5 Qc8 20.h4 Bg4 21.Qd3 Bf5 22.Qd4 Qd7 
23.Nc4 Nc8 24.Ne4 b6 25.Nf6 Qb7 26.Rh2 Rd8 27.Nxg8 Kxg8 28.Qd2 Be6 29.Qe2 
Bf8 30.Nd2 Bg4 31.Qd3 Bf5 32.Qe2 Bg4 33.Qg2 Be6 34.Bxe6 fxe6 35.Ne4 Kf7 
36.Nc3 Nxd6 37.exd6 Bxd6 38.Bd2 Bb4 39.Ne4 Qe7 40.Bc3 Rc4 41.Qf3 Rdd4 42.
Re2 Qd7 43.Bxb4 Rxb4 44.Kf2 Qc6 45.Rae1 Rxa4 46.Kg3 Qc7 47.Re3 Rab4 48.b3 
b5 49.Rd3 a4 50.bxa4 bxa4 51.Red1 Qb6 52.Nc3 Rxf4 53.Rd7+ Ke8 54.Qa8+ 1-0

[Event "WA State Championship"]
[Site "Legacy House, South Perth"]
[Date "2006.07.30"]
[Round "5"]
[White "Hessing, R"]
[Black "Shaw, R"]
[Result "1/2-1/2"]
[WhiteElo "1607"]
[BlackElo "1711"]
[ECO "A03"]
[EventDate "2006.07.02"]
[TimeControl "5400+60"]

1.f4 d5 2.b3 Nf6 3.Nf3 Bf5 4.e3 e6 5.Bb2 Nbd7 6.Be2 Be7 7.O-O c5 8.Bb5 Bg4
9.d3 a6 10.Bxd7+ Qxd7 11.Nbd2 O-O 12.Qe1 Bf5 13.Ne5 Qd8 14.Qe2 c4 15.bxc4 
Rc8 16.g4 dxc4 17.Ndxc4 Bg6 18.Nxg6 hxg6 19.Ne5 Nd5 20.c4 Nb4 21.Bd4 Nc6 
22.Nxc6 bxc6 23.Rab1 c5 24.Bc3 Rb8 25.Rb3 Rxb3 26.axb3 Qb6 27.Qa2 Rb8 28.
Rb1 Bd8 29.d4 Bf6 30.Qd2 cxd4 31.Bxd4 Qb7 32.Bxf6 gxf6 33.Kf2 Qc7 34.e4 
Rd8 35.Qe3 g5 36.e5 1/2-1/2

[Event "WA State Championship"]
[Site "Legacy House, South Perth"]
[Date "2006.07.30"]
[Round "5"]
[White "Choong, Y"]
[Black "Whitehead, P"]
[Result "1-0"]
[WhiteElo "1729"]
[BlackElo "1582"]
[ECO "B35"]
[EventDate "2006.07.02"]
[TimeControl "5400+60"]

1.e4 c5 2.Nf3 Nc6 3.d4 cxd4 4.Nxd4 g6 5.Nc3 Bg7 6.Be3 Nf6 7.f3 O-O 8.Bc4 
Qb6 9.Bb3 Nxe4 10.Nd5 Qa5+ 11.c3 Nc5 12.Nxc6 dxc6 13.Nxe7+ Kh8 14.Nxc8 
Raxc8 15.O-O Rcd8 16.Qc2 Rfe8 17.Bf2 Qb5 18.Rfe1 Kg8 19.Rad1 Rxd1 20.Rxd1 
Kf8 21.Qd2 Nxb3 22.axb3 Qxb3 23.Bxa7 Qe6 24.Qd7 Qe2 25.Bf2 Qe7 26.Qd2 Bf6 
27.Re1 Qd8 28.Bc5+ Kg7 29.Rxe8 Qxe8 30.Kf2 Qe6 31.Be3 Qd5 32.Bh6+ Kg8 33.
Qe3 Qe6 34.Qxe6 fxe6 35.Ke3 Kf7 36.Ke4 Ke7 37.Bf4 Kd7 38.Be5 Be7 39.f4 b5 
40.g4 Ke8 41.Bb8 h5 42.g5 Kd7 43.Ke5 c5 44.b3 Bd8 45.Bd6 Bb6 46.Bf8 Bc7+ 
47.Kf6 Bxf4 48.Kxg6 Bxh2 49.Kxh5 c4 50.bxc4 bxc4 51.Kg6 Ke8 52.Bg7 Bf4 53.
Kf6 Bd2 54.Kg6 Kd7 55.Bf6 Kd6 56.Kf7 e5 57.g6 Bh6 58.Bg5 1-0

[Event "WA State Championship"]
[Site "Legacy House, South Perth"]
[Date "2006.07.30"]
[Round "5"]
[White "Garcia, M"]
[Black "Saxon, M"]
[Result "0-1"]
[WhiteElo "1480"]
[BlackElo "1702"]
[ECO "B06"]
[EventDate "2006.07.02"]
[TimeControl "5400+60"]

1.e4 d6 2.d4 g6 3.Bd3 Bg7 4.Ne2 Nc6 5.c3 e5 6.d5 Nce7 7.O-O f5 8.f3 Nf6 9.
Bg5 h6 10.Bxf6 Bxf6 11.Nd2 f4 12.Bb5+ c6 13.Ba4 Kf8 14.dxc6 bxc6 15.Bb3 g5
16.Kf2 d5 17.Ke1 Ba6 18.c4 Qb6 19.Qc2 Rc8 20.Kd1 Kg7 21.Kc1 Qe3 22.Ng1 
Rhd8 23.Kb1 Rb8 24.Qc1 dxc4 0-1

[Event "WA State Championship"]
[Site "Legacy House, South Perth"]
[Date "2006.07.31"]
[Round "5"]
[White "Holland, D"]
[Black "Humphries, R"]
[Result "1-0"]
[WhiteElo "1739"]
[BlackElo "1429"]
[ECO "D10"]
[EventDate "2006.07.02"]
[TimeControl "5400+60"]

1.d4 d5 2.c4 c6 3.e3 Nf6 4.Nd2 Bf5 5.Qb3 Qc7 6.Bd3 Bxd3 7.Qxd3 Nbd7 8.Ngf3
e5 9.dxe5 Nxe5 10.Nxe5 Qxe5 11.Qb3 Qc7 12.O-O Bd6 13.Nf3 O-O 14.cxd5 Nxd5 
15.Bd2 a5 16.Rfd1 Nf6 17.Rac1 Rfb8 18.h3 a4 19.Qc2 c5 20.Bc3 Qe7 21.Qf5 
Ne4 22.Be5 Bxe5 23.Nxe5 Nd6 24.Qf4 Rc8 25.Rd5 b6 26.Rcd1 f6 27.Ng4 Ne8 28.
Rd7 Qe6 29.a3 Qb3 30.Qe4 Ra7 31.R7d3 Rd7 32.Rxb3 axb3 33.Qe6+ 1-0

[Event "WA State Championship"]
[Site "Legacy House, South Perth"]
[Date "2006.07.31"]
[Round "5"]
[White "Pavlovic, M"]
[Black "Klimczak, J"]
[Result "1/2-1/2"]
[WhiteElo "1697"]
[BlackElo "1379"]
[ECO "E10"]
[EventDate "2006.07.02"]
[TimeControl "5400+60"]

1.d4 Nf6 2.Nf3 e6 3.c4 d6 4.Nc3 b6 5.Bg5 Be7 6.e3 Bb7 7.Bd3 Nbd7 8.Qe2 O-O
9.O-O c5 10.Rac1 h6 11.Bh4 cxd4 12.exd4 Re8 13.Nd2 Nh7 14.Bxe7 Qxe7 15.Nb5
Ndf6 16.Ne4 Nxe4 17.Bxe4 Bxe4 18.Qxe4 a6 19.Nc3 Rac8 20.b3 Qc7 21.Qe3 Nf6 
22.d5 e5 23.Ne4 Nxe4 24.Qxe4 Qc5 25.Rfe1 b5 26.h3 b4 27.Re3 Qd4 28.Qxd4 
exd4 29.Rxe8+ Rxe8 30.Rd1 Re2 31.Rxd4 Rxa2 32.Kf1 Kf8 33.Re4 Rb2 34.Re3 a5
35.Ke1 Ra2 36.c5 dxc5 37.d6 Ra1+ 38.Kd2 Ra2+ 39.Kd3 c4+ 40.Kxc4 Rd2 41.Rd3
Rxd3 42.Kxd3 Ke8 43.Kc4 Kd7 44.Kc5 a4 1/2-1/2

[Event "WA State Championship"]
[Site "Legacy House, South Perth"]
[Date "2006.07.30"]
[Round "5"]
[White "O'Shaughnessy, D"]
[Black "Jahangirian, M"]
[Result "1-0"]
[WhiteElo "1371"]
[BlackElo "1679"]
[ECO "C18"]
[EventDate "2006.07.02"]
[TimeControl "5400+60"]

1.d4 e6 2.e4 d5 3.Nc3 Bb4 4.e5 c5 5.a3 Bxc3+ 6.bxc3 c4 7.Qg4 Kf8 8.Ne2 h5 
9.Qh3 Nc6 10.g4 h4 11.Nf4 g6 12.Qf3 Ke8 13.g5 Qa5 14.Bd2 Nge7 15.Bh3 Bd7 
16.Ke2 Qc7 17.Ng2 Nf5 18.Bxf5 gxf5 19.Nf4 Ne7 20.Nh5 Ng6 21.Nf6+ Ke7 22.h3
Ba4 23.Ra2 Qc6 24.Rb1 b6 25.Rab2 Qb7 26.Kd1 Bc6 27.Rb4 Nxe5 28.dxe5 d4 29.
Qf4 dxc3 30.Bxc3 Bf3+ 31.Ke1 Rad8 32.Rxb6 axb6 33.Bb4+ Rd6 34.Bxd6+ Kd8 
35.Qd4 b5 36.Qc5 Bh5 37.Qxb5 Qh1+ 38.Kd2 c3+ 39.Kxc3 Qf3+ 40.Kb2 1-0

[Event "WA State Championship"]
[Site "Legacy House, South Perth"]
[Date "2006.07.30"]
[Round "5"]
[White "Deheer, A"]
[Black "Slack-Smith, B"]
[Result "0-1"]
[WhiteElo "1530"]
[BlackElo "1309"]
[ECO "A80"]
[EventDate "2006.07.02"]
[TimeControl "5400+60"]

1.d4 f5 2.e3 Nf6 3.Bd3 g6 4.Nc3 Bg7 5.Nf3 O-O 6.O-O b6 7.Qe2 Bb7 8.Bc4+ 
Kh8 9.Ng5 e6 10.Bxe6 dxe6 11.Nxe6 Qe7 12.Nxf8 Qxf8 13.Qc4 Qe7 14.Bd2 Ba6 
15.Nd5 Bxc4 16.Nxe7 Bxf1 17.Kxf1 Bf8 18.Bb4 c5 19.dxc5 Bxe7 20.cxb6 Nc6 
21.b7 Rd8 22.Ba5 Nxa5 0-1